 Dungeon Crawl Stone Soup version 0.20.0-8-g6b59dc7 (webtiles) character file.

2606 Kriby the Cleaver (level 9, 0/84 HPs)
             Began as a Minotaur Berserker on May 30, 2017.
             Was an Elder of Trog.
             Slain by Erica
             ... wielding a +4 scimitar of flaming
              (7 damage)
             ... on level 8 of the Dungeon.
             The game lasted 00:06:30 (7518 turns).

Kriby the Cleaver (Minotaur Berserker)              Turns: 7518, Time: 00:06:31

Health: 0/84       AC:  7    Str: 30    XL:     9   Next: 33%
Magic:  8/8        EV: 12    Int:  4    God:    Trog [****..]
Gold:   194        SH:  0    Dex: 15    Spells: 8/8 levels left

rFire    . . .     SeeInvis .   A - +3 battleaxe
rCold    . . .     Gourm    +   (shield currently unavailable)
rNeg     . . .     Faith    .   n - +1 ring mail
rPois    .         Spirit   .   (helmet unavailable)
rElec    .         Reflect  .   H - +0 cloak
rCorr    .         Harm     .   (no gloves)
MR       .....     Rnd*Rage +   (no boots)
Stlth    +.........             x - amulet of the gourmand
Regen    0.3/turn               z - +3 ring of dexterity
MPRegen  0.2/turn               (no ring)

@: mighty, berserk cooldown, hasted and slowed
A: retaliatory headbutt, horns 3, agile 1, berserk 1
a: Berserk, Trog's Hand, Brothers in Arms, Burn Spellbooks, Renounce Religion


You were on level 8 of the Dungeon.
You worshipped Trog.
Trog was greatly pleased with you.
You were very full.

You visited 1 branch of the dungeon, and saw 8 of its levels.

You collected 391 gold pieces.
You spent 197 gold pieces at shops.

Inventory:

Hand Weapons
 A - a +3 battleaxe (weapon)
Missiles
 p - 4 silver tomahawks (quivered)
Armour
 e - a +1 hat
 n - a +1 ring mail (worn)
 H - a +0 cloak (worn)
Jewellery
 a - an uncursed ring of stealth {unknown}
 x - an amulet of the gourmand (around neck)
 z - a +3 ring of dexterity (left hand)
Wands
 q - a wand of random effects (14/48)
 v - a wand of polymorph (8/24)
 F - a wand of acid (11/15)
Scrolls
 f - 3 scrolls of identify
 h - a scroll of random uselessness
 t - a scroll of remove curse
 u - 4 scrolls of enchant armour
 w - a scroll of immolation {unknown}
 y - a scroll of blinking {unknown}
 D - a scroll of noise {unknown}
 G - 3 scrolls of magic mapping {unknown}
Potions
 b - a potion of cancellation {unknown}
 d - a potion of berserk rage {unknown}
 j - 3 potions of haste
 k - a potion of ambrosia {unknown}
 l - a potion of might
 m - 2 potions of lignification {unknown}
 s - 2 potions of agility {unknown}
 B - a potion of mutation {unknown}
 C - a potion of heal wounds {unknown}
 E - a potion of brilliance {unknown}
 I - 2 potions of curing {unknown}
 J - a potion of degeneration {unknown}
Books
 o - a book of Conjurations

   Spells                             Type                      Level
   a - Magic Dart                     Conjuration                  1
   b - Searing Ray                    Conjuration                  2
   c - Dazzling Spray                 Conjuration/Hexes            3
   d - Fulminant Prism                Conjuration/Hexes            4
   e - Force Lance                    Conjuration/Translocation    4
   f - Iskenderun's Mystic Blast      Conjuration                  4
   Trog disapproves of the use of such an item.
Comestibles
 c - 2 bread rations
 g - 2 royal jellies
 i - 4 meat rations
 r - 4 fruits


   Skills:
 + Level 9.5 Fighting
 * Level 12.5 Axes
 - Level 2.4 Armour
 - Level 2.1 Dodging


You had 8 spell levels left.
You didn't know any spells.

Dungeon Overview and Level Annotations

Branches:
Dungeon (8/15)             Temple (0/1) D:6
   Lair: D:8-11

Altars:

Shops:
D:6 *

Annotations:
D:8 Erica


Innate Abilities, Weirdness & Mutations

You reflexively headbutt those who attack you in melee.
You have a pair of large horns on your head.
You are agile. (Dex +2)
You tend to lose your temper in combat.


Message History

Erica is moderately wounded.
Erica screams, "Do you want it fast or slow?!"
Erica points at you and mumbles some strange words.
The orb of energy hits you!
The orb of energy explodes!
You're too confused to move!
Erica hits you with a scimitar of flaming.
Erica burns you.
Erica hits you with a scimitar of flaming.
Erica burns you.
You bump into the rock wall.
You feel less confused.
Erica hits you with a scimitar of flaming!
* * * LOW HITPOINT WARNING * * *
Erica burns you.
* * * LOW HITPOINT WARNING * * *
It was a potion of haste.
You feel yourself speed up. Erica barely misses you.
It was a potion of might.
You feel very mighty all of a sudden.
Erica hits you with a scimitar of flaming!
You die...

##############
.............#
.###########.##########
.#.......###)[ā€
.@.....##
.#.####....#.....@......
.#.####....##.........##
.#....<)...##....ā‰ˆ....#
.######....##...pā‰ˆ....#
......#....##..........#
...).......##...!......#
#.....#....##.....#+#..#
################..# ..#


You could see Erica and a neutral freed slave (wandering).

Vanquished Creatures
  Pikel (D:8)
  The ghost of Kriby the Cleaver, a novice MiBe of Trog (D:6)
  2 orc warriors (D:7)
  An ice beast (D:5)
  A sky beast (D:6)
  2 slaves (D:8)
  2 phantoms
  An ogre (D:4)
  A centaur (D:6)
  A bullfrog (D:6)
  2 scorpions (D:4)
  5 wights (D:6)
  A crimson imp (D:5)
  2 hounds
  A jelly (D:7)
  2 orc priests (D:7)
  A bullfrog skeleton (D:5)
  5 orc wizards
  3 worker ants (D:4)
  2 hound skeletons
  Robin (D:2)
  4 gnolls (D:3)
  9 adders
  2 oozes
  4 adder skeletons
  A worm (D:2)
  3 dart slugs
  6 leopard geckos
  21 orcs
  4 bats
  3 giant cockroaches
  13 goblins
  7 hobgoblins
  4 jackals (D:5)
  3 quokkas
  2 ball pythons
  A ball python zombie (D:5)
  5 frilled lizards
  7 kobolds
  A quokka zombie (D:5)
  9 rats
147 creatures vanquished.

Vanquished Creatures (others)
  2 ghouls (D:1)
  A minotaur (D:1)
  A gargoyle (D:1)
  A vine stalker (D:1)
  3 elves (D:1)
  A troll (D:1)
  A vampire (D:1)
  A spriggan (D:1)
  A formicid (D:1)
  2 centaurs (D:1)
  A worker ant (D:8)
  A kobold (D:1)
  11 tentacles (D:1)
27 creatures vanquished.

Grand Total: 174 creatures vanquished

Notes
Turn   | Place    | Note
-------+----------+-------------------------------------------
     0 | D:1      | Kriby the Minotaur Berserker began the quest for the Orb.
     0 | D:1      | Reached XP level 1. HP: 19/19 MP: 0/0
     2 | D:1      | Killed an elf
     5 | D:1      | Killed a vine stalker
     6 | D:1      | Noticed a spriggan
     6 | D:1      | Noticed a ghoul
     6 | D:1      | Noticed an elf
     6 | D:1      | Noticed an elf
     6 | D:1      | Noticed a minotaur
     6 | D:1      | Noticed a formicid
     6 | D:1      | Noticed a kraken
     6 | D:1      | Noticed a centaur
     6 | D:1      | Noticed a troll
     6 | D:1      | Noticed a centaur
     6 | D:1      | Noticed a ghoul
     6 | D:1      | Noticed a vampire
     6 | D:1      | Noticed a gargoyle
     6 | D:1      | Killed a spriggan
    10 | D:1      | Killed a gargoyle
    12 | D:1      | Killed an elf
    14 | D:1      | Killed a ghoul
    14 | D:1      | Killed a troll
    17 | D:1      | Killed a formicid
    17 | D:1      | Killed a vampire
    18 | D:1      | Killed a centaur
    20 | D:1      | Killed a centaur
    20 | D:1      | Killed a minotaur
    22 | D:1      | Killed a ghoul
    23 | D:1      | Killed an elf
   279 | D:1      | Reached skill level 4 in Axes
   336 | D:1      | Reached XP level 2. HP: 27/27 MP: 1/1
   888 | D:2      | Noticed Robin
   906 | D:2      | Reached XP level 3. HP: 33/33 MP: 2/2
   908 | D:2      | Reached ** piety under Trog
   918 | D:2      | Killed Robin
   918 | D:2      | Reached skill level 5 in Axes
  1417 | D:2      | Reached XP level 4. HP: 38/40 MP: 3/3
  2183 | D:3      | Reached skill level 6 in Axes
  2189 | D:3      | Reached XP level 5. HP: 39/47 MP: 4/4
  2194 | D:3      | Reached skill level 5 in Fighting
  2315 | D:3      | Reached *** piety under Trog
  3201 | D:4      | Reached XP level 6. HP: 52/56 MP: 5/5
  3264 | D:4      | Reached skill level 7 in Axes
  3487 | D:4      | Reached skill level 8 in Axes
  3491 | D:4      | Reached XP level 7. HP: 52/64 MP: 6/6
  4354 | D:5      | Entered Level 5 of the Dungeon
  4485 | D:5      | Reached skill level 9 in Axes
  4845 | D:5      | Reached **** piety under Trog
  5013 | D:6      | Reached XP level 8. HP: 73/73 MP: 7/7
  5062 | D:6      | Reached skill level 10 in Axes
  5266 | D:6      | Noticed Kriby's ghost (novice MiBe)
  5269 | D:6      | Found Gamochakk's Assorted Antiques.
  5275 | D:6      | Killed Kriby's ghost
  5386 | D:6      | Reached skill level 11 in Axes
  5391 | D:6      | Bought a scroll labeled TIHOEZIJUGE for 25 gold pieces
  5391 | D:6      | Bought a smoky amethyst potion for 22 gold pieces
  5391 | D:6      | Bought a knobbly pearl ring for 125 gold pieces
  5391 | D:6      | Bought a scroll labeled HEEXOU QENELE for 25 gold pieces
  5842 | D:6      | Gained mutation: You tend to lose your temper in combat. [mutagenic meat]
  5843 | D:6      | Gained mutation: You are agile. (Dex +2) [mutagenic meat]
  5844 | D:6      | Gained mutation: You have a pair of large horns on your head. [mutagenic meat]
  6035 | D:6      | Found a staircase to the Ecumenical Temple.
  6496 | D:7      | Reached XP level 9. HP: 27/82 MP: 8/8
  7378 | D:7      | Reached skill level 12 in Axes
  7498 | D:8      | Noticed Pikel
  7506 | D:8      | Noticed Erica
  7506 | D:8      | Killed Pikel
  7518 | D:8      | Slain by Erica

Skill      XL: |  1  2  3  4  5  6  7  8  9 |
---------------+----------------------------+-----
Axes           | 4 5 6 8 9 11 12 | 12.5
Fighting       | 4 5 6 7 8 9 |  9.5
Armour         | |  2.4
Dodging        | |  2.1

Action                   |  1- 3 |  4- 6 |  7- 9 || total
-------------------------+-------+-------+-------++-------
Melee: Hand axe          |    50 |   152 |    69 ||   271
       Headbutt          |     9 |    25 |    22 ||    56
       Battleaxe         |       |       |    57 ||    57
Invok: Berserk           |     1 |     1 |     2 ||     4
       Trog's Hand       |       |       |     1 ||     1
  Use: Scroll            |       |     4 |     2 ||     6
       Potion            |       |       |     2 ||     2
  Eat: Chunk             |     2 |     8 |    24 ||    34
       Fruit             |       |       |     1 ||     1
Armor: Animal skin       |     7 |       |       ||     7
       Ring mail         |       |    44 |    34 ||    78
Dodge: Dodged            |    23 |    94 |    60 ||   177
